 Dungeon Crawl Stone Soup version 0.27.0-65-ge2af304b15 (webtiles) character file.

Game seed: 2413273544015464166

100 Naeght the Poker (level 4, -1/33 HPs)
             Began as a Merfolk Gladiator on Aug 19, 2021.
             Was an Initiate of Ashenzari.
             Slain by a wyvern zombie (7 damage)
             ... on level 4 of the Dungeon.
             The game lasted 00:05:49 (2910 turns).

Naeght the Poker (Merfolk Gladiator)                Turns: 2910, Time: 00:05:50

Health: -1/33      AC:  5    Str: 15    XL:     4   Next: 74%
Magic:  4/4        EV: 13    Int:  7    God:    Ashenzari [......]
Gold:   75         SH:  0    Dex: 15    Spells: 3/3 levels left

rFire    . . .     SeeInvis .   a - +0 trident
rCold    . . .     Faith    .   (no shield)
rNeg     . . .     Spirit   .   b - +0 leather armour
rPois    .         Reflect  .   c - +0 helmet
rElec    .         Harm     .   (no cloak)
rCorr    .         Rampage  .   l - +0 pair of gloves
Will     .....                  (no boots)
Stlth    +.........             (no amulet)
HPRegen  0.11/turn              (no ring)
MPRegen  0.09/turn              (no ring)

@: no status effects
A: (nimble swimmer 2), mertail
a: Renounce Religion, Curse Item


You were on level 4 of the Dungeon.
You worshipped Ashenzari.
Ashenzari was noncommittal.
You visited 1 branch of the dungeon, and saw 4 of its levels.

You collected 75 gold pieces.

Inventory:

Hand Weapons
 a - a +0 trident (weapon)
Missiles
 d - 3 throwing nets (quivered)
 h - 3 atropa-tipped darts
Armour
 b - a +0 leather armour (worn)
 c - a +0 helmet (worn)
 g - a +0 pair of gloves
 l - a +0 pair of gloves (worn)
Wands
 q - a wand of charming (13)
Scrolls
 f - 2 scrolls of summoning
 i - 2 scrolls of identify
 k - a scroll of fear
 n - 2 scrolls of amnesia
 o - 2 scrolls of teleportation
 p - a scroll of enchant weapon
Potions
 e - 2 potions of heal wounds
 j - a potion of flight
 m - a potion of curing
 r - a potion of ambrosia


   Skills:
 - Level 2.1 Fighting
 * Level 7.7 Polearms
 - Level 2.0 Throwing
 - Level 4.0 Dodging


You had 3 spell levels left.
You didn't know any spells.
Your spell library was empty.

Dungeon Overview and Level Annotations

Branches:
Dungeon (4/15)
 Temple: D:4-7

Altars:
Ashenzari
Kikubaaqudgha
Ru
Xom


Innate Abilities, Weirdness & Mutations

((You are quick and stealthy near water. (Stealth+, EV+, Speed+++)))
Your lower body shifts to a powerful aquatic tail in water.


Message History

The wyvern zombie misses you.
You puncture the wyvern zombie!
The wyvern zombie is heavily damaged.
The wyvern zombie bites you!
You hit the wyvern zombie.
The wyvern zombie is heavily damaged.
The wyvern zombie bites you!
You are too injured to fight recklessly!
You are too injured to fight recklessly!
You are too injured to fight recklessly!
You are too injured to fight recklessly!
You are too injured to fight recklessly!
You are too injured to fight recklessly!
You are too injured to fight recklessly!
You are too injured to fight recklessly!
You are too injured to fight recklessly!
You are too injured to fight recklessly!
You are too injured to fight recklessly!
You are too injured to fight recklessly!
You are too injured to fight recklessly!
You are too injured to fight recklessly!
You are too injured to fight recklessly!
You are too injured to fight recklessly!
You are too injured to fight recklessly!
You are too injured to fight recklessly!
You are too injured to fight recklessly!
A wyvern zombie is nearby!
A wyvern zombie is nearby!
A wyvern zombie is nearby!
You puncture the wyvern zombie!
The wyvern zombie is severely damaged.
The wyvern zombie bites you.
You hit the wyvern zombie but do no damage.
The wyvern zombie is severely damaged.
The wyvern zombie bites you!
* * * LOW HITPOINT WARNING * * *
You hit the wyvern zombie but do no damage.
The wyvern zombie is severely damaged.
The wyvern zombie bites you!
You die...

#...# ## ##....####.#
#.......#..#
#.......[.. ##
#......... ### ##.#
........$###.# ...#
..........##.## #...#
.....(Z@..#...## >...#
........#...#..##....#
........#.###........+
.....#######.......###
##... #.........##
.... ............# ..>
.#.#.......## ...
#..#......###.
..###.<........


You could see a wyvern zombie.

Vanquished Creatures
  A centaur skeleton (D:3)
  An adder (D:3)
  5 orcs
  8 ball pythons
  4 endoplasms
  A giant cockroach (D:1)
  7 goblins
  5 hobgoblins
  3 jackals (D:3)
  A quokka (D:3)
  5 bats
  5 frilled lizards
  5 kobolds
  3 rats
54 creatures vanquished.

Notes
Turn   | Place    | Note
-------+----------+-------------------------------------------
     0 | D:1      | Naeght the Merfolk Gladiator began the quest for the Orb.
     0 | D:1      | Reached XP level 1. HP: 16/16 MP: 1/1
   108 | D:1      | Reached skill level 5 in Polearms
   150 | D:1      | Reached XP level 2. HP: 10/22 MP: 2/2
   776 | D:1      | Found a faded altar of an unknown god.
   783 | D:1      | Became a worshipper of Ashenzari the Shackled
   946 | D:2      | Reached skill level 6 in Polearms
   946 | D:2      | Reached XP level 3. HP: 27/27 MP: 3/3
  1394 | D:2      | Found an ancient bone altar of Kikubaaqudgha.
  1973 | D:3      | Reached skill level 7 in Polearms
  1973 | D:3      | Reached XP level 4. HP: 32/33 MP: 4/4
  2630 | D:3      | Found a sacrificial altar of Ru.
  2656 | D:3      | Found a shimmering altar of Xom.
  2910 | D:4      | Slain by a wyvern zombie

Illustrated notes

Levels and vault maps discovered:
D:1:      dpeg_arrival_simpleton_b, layout_rooms,
          dilly_ecumenical_altar_fadedgnrine
D:2:      layout_loops_ring, basic_altar
D:3:      layout_basic, marbit_many_paths, nicolae_ru_path_of_blood
D:4:      layout_cave_pools, kennysheep_small_spiral

Skill      XL: |  1  2  3 |
---------------+----------+-----
Polearms       | 5 6 7 |  7.7
Fighting       | |  2.1
Throwing       | |  2.0
Dodging        | |  4.0

Action                   |  1- 3 |  4- 6 || total
-------------------------+-------+-------++-------
Melee: Trident           |   124 |    60 ||   184
 Stab: Sleeping          |     1 |     1 ||     2
Armor: Leather armour    |    19 |    14 ||    33
Dodge: Dodged            |    53 |    21 ||    74
